Connexion

VANCOUVER Canucks vs CHICAGO Blackhawks

Created - 12 mars 2024 at 05:43

Goals
1 2 3 T
VANCOUVER Canucks 2 0 1 3
CHICAGO Blackhawks 1 2 4 7
Shots
1 2 3 T
VANCOUVER Canucks 15 10 12 37
CHICAGO Blackhawks 11 10 12 33

GoalsPenalties
1st period
1. VANCOUVER Canucks , Casey Mittelstadt 19 (Ryan Dzingel 30, Joel Eriksson EK 35) at 5:15
2. VANCOUVER Canucks , Casey Mittelstadt 20 (Nate Schmidt 53, Ryan Dzingel 31) at 7:30
3. CHICAGO Blackhawks , Oliver Wahlstrom 34 (Connor Murphy 46, Alexandre Carrier 31) at 18:40 (SH)
Conor Garland (CHI) for Slashing (Minor) at 17:46
2nd period
4. CHICAGO Blackhawks , Brandon Carlo 11 (Pius Suter 42, Tage Thompson 24) at 7:02
5. CHICAGO Blackhawks , Nick Suzuki 22 (Tage Thompson 25, Pius Suter 43) at 13:11
Oliver Wahlstrom (CHI) for Unsportsmanlike conduct (Minor) at 1:02
Mac Weegar (CHI) for Delaying the game (Minor) at 8:10
Mattias Ekholm (VAN) for Holding (Minor) at 16:50
3rd period
6. CHICAGO Blackhawks , Christian Fischer 29 (Oliver Wahlstrom 31, Connor Murphy 47) at 2:01
7. CHICAGO Blackhawks , Tage Thompson 20 (Nick Suzuki 41, Pius Suter 44) at 6:41 (PP)
8. CHICAGO Blackhawks , Conor Garland 21 (Evgenii Dadonov 20, Adam Gaudette 11) at 11:33
9. VANCOUVER Canucks , Jack Eichel 40 (Matt Duchene 51) at 13:12
10. CHICAGO Blackhawks , Adam Gaudette 9 (Evgenii Dadonov 21, Mac Weegar 13) at 19:12
Ryan Pulock (VAN) for Cross-checking (Minor) at 5:47
Brandon Carlo (CHI) for Tripping (Minor) at 13:10
Devin Shore (VAN) for Tripping (Minor) at 13:10
Goalie Stats
Jeremy Swayman (VAN), 26 saves from 33 shots - (0,788), L, 18-22-4, 60:00 minutes
John Gibson (CHI), 34 saves from 37 shots - (0,919), W, 29-19-3, 60:00 minutes
3 StarsOfficial
1 - Tage Thompson (CHI)
2 - Nick Suzuki (CHI)
3 - Pius Suter (CHI)
Referees : Dan O'Rourke and Chris Rooney
Linesman : Pierre Champoux and Ryan Galloway
Game Note
Casey Mittelstadt is injured at 3:57 of 3rd period (Strained Right Elbow)
Finance
Level 1 -- Attendance: 5330 (88,83%) -- Ticket Income $660,920
Level 2 -- Attendance: 5392 (71,89%) -- Ticket Income $388,224
Level 3 -- Attendance: 2000 (100,00%) -- Ticket Income $112,000
Level 4 -- Attendance: 4000 (100,00%) -- Ticket Income $68,000
Luxury Box -- Attendance: 933 (93,30%) -- Ticket Income $207,126
Game was played at the United Center.
Total Attendance: 17655 (86,12%)
Total Ticket Income: $1,436,270
Other Income: $287,254
Total Income: $1,723,524



Team Name Goals Shots Shots Attemp Shots Blocked PIM HIT PP PK FO%
VANCOUVER Canucks 3377646230 / 3 (0%)156%
CHICAGO Blackhawks 7336658281 / 2 (50%)044%

VANCOUVER Canucks
Player Name POS G A P +/- PIM HIT SHT SB MP PP MP PP SHT PK MP PK SHT FO% FOT
Ben ChiarotD000-2041014:250:0000:1600% 0
Casey MittelstadtC2022003013:473:1300:00067% 21
Devin ShoreC/LW/RW000-2200110:260:0000:00055% 11
Jack EichelC101-1028121:042:4410:00052% 31
Janne KuokkanenLW000-3001014:150:0000:00050% 4
Joel Eriksson EKC/LW/RW0111023019:563:1330:2700% 2
Logan ShawC/RW000-102008:190:0002:1200% 0
Matt DucheneC/LW011-1013021:182:4400:140100% 4
Mattias EkholmD000-1201018:512:5210:0000% 0
Michael RasmussenC000-100107:220:0000:14157% 7
Nate SchmidtD0110015125:403:0531:3400% 0
Oskar LindblomLW/RW000-2010110:270:0000:0000% 1
Ryan DzingelC/LW/RW0221003018:363:1320:000100% 1
Ryan PulockD000-1242020:102:5221:1900% 0
Tobias BjornfotD000-2021014:560:0000:4700% 0
Tomas NosekC/LW000-100208:190:0002:12040% 5
Travis HamonicD0000040025:563:0501:5000% 0
Vladimir TarasenkoRW000-2003021:182:4400:27050% 2
CHICAGO Blackhawks
Player Name POS G A P +/- PIM HIT SHT SB MP PP MP PP SHT PK MP PK SHT FO% FOT
Adam GaudetteC112100119:480:0000:00045% 11
Alexandre CarrierD0112021120:391:4313:3400% 0
Anton StralmanD000-1011025:161:1002:2300% 0
Brandon CarloD1010222224:051:1012:2300% 0
Brandon DuhaimeRW000003006:420:0000:0000% 1
Brian DumoulinD0002000014:050:0000:0000% 0
Christian FischerC/RW1010056023:501:0604:03050% 4
Connor MurphyD0221012021:221:4303:3400% 0
Conor GarlandLW/RW1011221010:430:0400:5200% 0
Evgenii DadonovRW022102209:520:0400:0000% 0
J.T. CompherC/LW/RW000000206:420:0000:00044% 9
Joonas DonskoiLW/RW000000118:000:0001:1800% 1
Mac WeegarD0112230014:310:0000:0000% 0
Mathew BarzalC0000002023:541:1004:03046% 28
Nick SuzukiC1122023018:441:4301:02045% 33
Oliver WahlstromLW1122213020:011:0600:3610% 1
Pius SuterC/RW0331013016:531:4300:0000% 0
Tage ThompsonLW/RW1231033016:531:4320:0000% 1



Play-by-Play

1st period


0:01 of 1st period - Mathew Barzal wins face-off versus Jack Eichel in neutral zone.
0:36 of 1st period - Shot by Vladimir Tarasenko.
0:36 of 1st period - Shot Misses the Net.
0:38 of 1st period - Shot by Matt Duchene.
0:38 of 1st period - Shot Misses the Net.
0:40 of 1st period - Shot by Travis Hamonic.
0:40 of 1st period - Shot Misses the Net.
0:51 of 1st period - Icing by Anton Stralman.
0:52 of 1st period - Casey Mittelstadt wins face-off versus Mathew Barzal in CHICAGO Blackhawks zone.
0:53 of 1st period - Shot by Ryan Dzingel.
0:53 of 1st period - Shot Misses the Net.
0:55 of 1st period - Shot by Ryan Dzingel.
0:55 of 1st period - Deflect By Casey Mittelstadt.
0:55 of 1st period - Shot Misses the Net.
1:18 of 1st period - Icing by Mattias Ekholm.
1:19 of 1st period - Adam Gaudette wins face-off versus Casey Mittelstadt in VANCOUVER Canucks zone.
1:51 of 1st period - Icing by Ryan Pulock.
1:52 of 1st period - Casey Mittelstadt wins face-off versus Nick Suzuki in VANCOUVER Canucks zone.
2:18 of 1st period - Tage Thompson is hit by Ben Chiarot and loses puck.
2:29 of 1st period - Shot by Nick Suzuki.
2:29 of 1st period - Shot Misses the Net.
2:48 of 1st period - Janne Kuokkanen is hit by Brandon Carlo and loses puck.
2:55 of 1st period - Ben Chiarot is hit by Brandon Duhaime and loses puck.
3:00 of 1st period - Shot by Anton Stralman.
3:00 of 1st period - Stopped by Jeremy Swayman without a rebound.
3:01 of 1st period - Mathew Barzal wins face-off versus Jack Eichel in VANCOUVER Canucks zone.
3:32 of 1st period - Jack Eichel is hit by Christian Fischer.
3:51 of 1st period - Icing by Travis Hamonic.
3:52 of 1st period - Jack Eichel wins face-off versus Adam Gaudette in VANCOUVER Canucks zone.
4:22 of 1st period - Shot by Tomas Nosek.
4:22 of 1st period - Shot Blocked by Brandon Carlo.
4:51 of 1st period - Icing by Brandon Carlo.
4:52 of 1st period - Casey Mittelstadt wins face-off versus Adam Gaudette in CHICAGO Blackhawks zone.
5:15 of 1st period - Shot by Ryan Dzingel.
5:15 of 1st period - Deflect By Casey Mittelstadt.
5:15 of 1st period - Goal by Casey Mittelstadt - VANCOUVER Canucks : 1 - CHICAGO Blackhawks : 0.
5:16 of 1st period - Nick Suzuki wins face-off versus Jack Eichel in neutral zone.
5:22 of 1st period - Icing by Nate Schmidt.
5:23 of 1st period - Nick Suzuki wins face-off versus Jack Eichel in VANCOUVER Canucks zone.
5:36 of 1st period - Shot by Jack Eichel.
5:36 of 1st period - Shot Misses the Net.
5:54 of 1st period - Shot by Vladimir Tarasenko.
5:54 of 1st period - Stopped by John Gibson without a rebound.
5:55 of 1st period - Christian Fischer wins face-off versus Oskar Lindblom in CHICAGO Blackhawks zone.
5:55 of 1st period - Christian Fischer is hit by Ben Chiarot.
6:01 of 1st period - Shot by Oliver Wahlstrom.
6:01 of 1st period - Stopped by Jeremy Swayman without a rebound.
6:02 of 1st period - Casey Mittelstadt wins face-off versus J.T. Compher in VANCOUVER Canucks zone.
6:16 of 1st period - Joonas Donskoi is hit by Ryan Pulock and loses puck.
6:25 of 1st period - Shot by Mac Weegar.
6:25 of 1st period - Deflect By J.T. Compher.
6:25 of 1st period - Stopped by Jeremy Swayman without a rebound.
6:26 of 1st period - Devin Shore wins face-off versus Christian Fischer in VANCOUVER Canucks zone.
6:26 of 1st period - Nate Schmidt is hit by Christian Fischer and loses puck.
6:36 of 1st period - Mathew Barzal is hit by Travis Hamonic and loses puck.
6:39 of 1st period - Shot by Oliver Wahlstrom.
6:39 of 1st period - Shot Misses the Net.
6:43 of 1st period - Shot by Mathew Barzal.
6:43 of 1st period - Stopped by Jeremy Swayman with a rebound.
6:49 of 1st period - Shot by Oliver Wahlstrom.
6:49 of 1st period - Deflect By Christian Fischer.
6:49 of 1st period - Stopped by Jeremy Swayman without a rebound.
6:50 of 1st period - Jack Eichel wins face-off versus Nick Suzuki in VANCOUVER Canucks zone.
6:59 of 1st period - Shot by Vladimir Tarasenko.
6:59 of 1st period - Stopped by John Gibson without a rebound.
7:00 of 1st period - Nick Suzuki wins face-off versus Casey Mittelstadt in CHICAGO Blackhawks zone.
7:05 of 1st period - Joel Eriksson EK is hit by Tage Thompson and loses puck.
7:11 of 1st period - Nate Schmidt is hit by Anton Stralman and loses puck.
7:26 of 1st period - Shot by Ryan Dzingel.
7:26 of 1st period - Shot Misses the Net.
7:28 of 1st period - Shot by Nate Schmidt.
7:28 of 1st period - Stopped by John Gibson with a rebound.
7:30 of 1st period - Shot by Casey Mittelstadt.
7:30 of 1st period - Goal by Casey Mittelstadt - VANCOUVER Canucks : 2 - CHICAGO Blackhawks : 0.
7:31 of 1st period - Mathew Barzal wins face-off versus Jack Eichel in neutral zone.
7:40 of 1st period - Shot by Christian Fischer.
7:40 of 1st period - Shot Misses the Net.
7:46 of 1st period - Shot by Mathew Barzal.
7:46 of 1st period - Shot Misses the Net.
8:47 of 1st period - Icing by Janne Kuokkanen.
8:48 of 1st period - Nick Suzuki wins face-off versus Devin Shore in VANCOUVER Canucks zone.
9:01 of 1st period - Tage Thompson is hit by Oskar Lindblom and loses puck.
9:10 of 1st period - Travis Hamonic is hit by Nick Suzuki and loses puck.
9:46 of 1st period - Off-side.
9:47 of 1st period - Adam Gaudette wins face-off versus Jack Eichel in neutral zone.
9:52 of 1st period - Shot by Conor Garland.
9:52 of 1st period - Shot Misses the Net.
10:04 of 1st period - Shot by Vladimir Tarasenko.
10:04 of 1st period - Shot Misses the Net.
10:06 of 1st period - Shot by Vladimir Tarasenko.
10:06 of 1st period - Deflect By Matt Duchene.
10:06 of 1st period - Shot Misses the Net.
10:08 of 1st period - Shot by Matt Duchene.
10:08 of 1st period - Shot Blocked by Adam Gaudette.
10:10 of 1st period - Shot by Ben Chiarot.
10:10 of 1st period - Stopped by John Gibson without a rebound.
10:11 of 1st period - J.T. Compher wins face-off versus Casey Mittelstadt in CHICAGO Blackhawks zone.
11:18 of 1st period - Shot by Jack Eichel.
11:18 of 1st period - Stopped by John Gibson with a rebound.
11:20 of 1st period - Shot by Jack Eichel.
11:20 of 1st period - Deflect By Vladimir Tarasenko.
11:20 of 1st period - Shot Misses the Net.
11:29 of 1st period - Icing by Anton Stralman.
11:30 of 1st period - Mathew Barzal wins face-off versus Michael Rasmussen in CHICAGO Blackhawks zone.
11:30 of 1st period - Mathew Barzal is hit by Logan Shaw.
11:40 of 1st period - Shot by Christian Fischer.
11:40 of 1st period - Shot Misses the Net.
11:57 of 1st period - Nate Schmidt is hit by Christian Fischer and loses puck.
13:07 of 1st period - Shot by Nick Suzuki.
13:07 of 1st period - Stopped by Jeremy Swayman with a rebound.
13:36 of 1st period - Shot by Evgenii Dadonov.
13:36 of 1st period - Stopped by Jeremy Swayman without a rebound.
13:37 of 1st period - Jack Eichel wins face-off versus Brandon Duhaime in VANCOUVER Canucks zone.
13:57 of 1st period - Shot by Jack Eichel.
13:57 of 1st period - Deflect By Matt Duchene.
13:57 of 1st period - Stopped by John Gibson without a rebound.
13:58 of 1st period - Adam Gaudette wins face-off versus Casey Mittelstadt in CHICAGO Blackhawks zone.
14:09 of 1st period - Mattias Ekholm is hit by Conor Garland and loses puck.
15:04 of 1st period - Shot by Matt Duchene.
15:04 of 1st period - Shot Misses the Net.
15:11 of 1st period - Icing by Mac Weegar.
15:12 of 1st period - Mathew Barzal wins face-off versus Devin Shore in CHICAGO Blackhawks zone.
15:29 of 1st period - Shot by Christian Fischer.
15:29 of 1st period - Stopped by Jeremy Swayman without a rebound.
15:30 of 1st period - Jack Eichel wins face-off versus Nick Suzuki in VANCOUVER Canucks zone.
15:34 of 1st period - Icing by Matt Duchene.
15:35 of 1st period - Nick Suzuki wins face-off versus Vladimir Tarasenko in VANCOUVER Canucks zone.
15:41 of 1st period - Nick Suzuki is hit by Tobias Bjornfot and loses puck.
15:50 of 1st period - Shot by Pius Suter.
15:50 of 1st period - Stopped by Jeremy Swayman without a rebound.
15:51 of 1st period - Mathew Barzal wins face-off versus Devin Shore in VANCOUVER Canucks zone.
16:15 of 1st period - Mathew Barzal is hit by Ryan Pulock and loses puck.
17:14 of 1st period - Shot by Pius Suter.
17:14 of 1st period - Stopped by Jeremy Swayman without a rebound.
17:15 of 1st period - Casey Mittelstadt wins face-off versus Adam Gaudette in VANCOUVER Canucks zone.
17:15 of 1st period - Casey Mittelstadt is hit by Evgenii Dadonov.
17:18 of 1st period - Joel Eriksson EK is hit by Evgenii Dadonov.
17:46 of 1st period - Minor Penalty to Conor Garland for Slashing.
17:47 of 1st period - Mathew Barzal wins face-off versus Jack Eichel in CHICAGO Blackhawks zone.
17:59 of 1st period - Icing by Nate Schmidt.
18:00 of 1st period - Mathew Barzal wins face-off versus Jack Eichel in VANCOUVER Canucks zone.
18:31 of 1st period - Travis Hamonic is hit by Connor Murphy and loses puck.
18:40 of 1st period - Shot by Oliver Wahlstrom.
18:40 of 1st period - Goal by Oliver Wahlstrom - VANCOUVER Canucks : 2 - CHICAGO Blackhawks : 1.
18:41 of 1st period - Casey Mittelstadt wins face-off versus Mathew Barzal in neutral zone.
18:45 of 1st period - Joel Eriksson EK is hit by Alexandre Carrier and loses puck.
19:06 of 1st period - Shot by Joel Eriksson EK.
19:06 of 1st period - Stopped by John Gibson with a rebound.
19:08 of 1st period - Shot by Ryan Pulock.
19:08 of 1st period - Stopped by John Gibson without a rebound.
19:09 of 1st period - Jack Eichel wins face-off versus Nick Suzuki in CHICAGO Blackhawks zone.
19:16 of 1st period - Shot by Nate Schmidt.
19:16 of 1st period - Stopped by John Gibson without a rebound.
19:17 of 1st period - Casey Mittelstadt wins face-off versus Mathew Barzal in CHICAGO Blackhawks zone.
19:18 of 1st period - Shot by Ryan Dzingel.
19:18 of 1st period - Stopped by John Gibson with a rebound.
19:20 of 1st period - Shot by Ryan Dzingel.
19:20 of 1st period - Shot Misses the Net.
19:22 of 1st period - Shot by Mattias Ekholm.
19:22 of 1st period - Stopped by John Gibson without a rebound.
19:23 of 1st period - Jack Eichel wins face-off versus Mathew Barzal in CHICAGO Blackhawks zone.
19:28 of 1st period - Shot by Travis Hamonic.
19:28 of 1st period - Shot Misses the Net.
19:30 of 1st period - Shot by Vladimir Tarasenko.
19:30 of 1st period - Shot Misses the Net.
19:32 of 1st period - Shot by Matt Duchene.
19:32 of 1st period - Shot Misses the Net.
19:34 of 1st period - Shot by Travis Hamonic.
19:34 of 1st period - Deflect By Jack Eichel.
19:34 of 1st period - Stopped by John Gibson with a rebound.
19:36 of 1st period - Shot by Jack Eichel.
19:36 of 1st period - Shot Misses the Net.
19:38 of 1st period - Shot by Nate Schmidt.
19:38 of 1st period - Stopped by John Gibson without a rebound.
19:39 of 1st period - Casey Mittelstadt wins face-off versus Oliver Wahlstrom in CHICAGO Blackhawks zone.
Goals for this period are 2 for VANCOUVER Canucks vs 1 for CHICAGO Blackhawks.
Shots for this period are 15 for VANCOUVER Canucks vs 11 for CHICAGO Blackhawks.

2nd period


0:01 of 2nd period - Jack Eichel wins face-off versus Mathew Barzal in neutral zone.
0:18 of 2nd period - Shot by Jack Eichel.
0:18 of 2nd period - Shot Misses the Net.
0:34 of 2nd period - Shot by Christian Fischer.
0:34 of 2nd period - Shot Misses the Net.
0:51 of 2nd period - Vladimir Tarasenko is hit by Oliver Wahlstrom.
1:02 of 2nd period - Minor Penalty to Oliver Wahlstrom for Unsportsmanlike conduct.
1:03 of 2nd period - Casey Mittelstadt wins face-off versus Joonas Donskoi in CHICAGO Blackhawks zone.
1:22 of 2nd period - Shot by Ryan Dzingel.
1:22 of 2nd period - Shot Misses the Net.
1:28 of 2nd period - Shot by Casey Mittelstadt.
1:28 of 2nd period - Shot Hit the Post.
1:30 of 2nd period - Shot by Mattias Ekholm.
1:30 of 2nd period - Shot Blocked by Joonas Donskoi.
2:05 of 2nd period - Off-side.
2:06 of 2nd period - Jack Eichel wins face-off versus Christian Fischer in neutral zone.
2:13 of 2nd period - Shot by Nate Schmidt.
2:13 of 2nd period - Deflect By Matt Duchene.
2:13 of 2nd period - Shot Misses the Net.
2:23 of 2nd period - Shot by Vladimir Tarasenko.
2:23 of 2nd period - Shot Misses the Net.
2:27 of 2nd period - Shot by Nate Schmidt.
2:27 of 2nd period - Stopped by John Gibson without a rebound.
2:28 of 2nd period - Ryan Dzingel wins face-off versus Nick Suzuki in CHICAGO Blackhawks zone.
2:29 of 2nd period - Shot by Ryan Pulock.
2:29 of 2nd period - Stopped by John Gibson without a rebound.
2:30 of 2nd period - Nick Suzuki wins face-off versus Casey Mittelstadt in CHICAGO Blackhawks zone.
2:30 of 2nd period - Nick Suzuki is hit by Joel Eriksson EK.
3:22 of 2nd period - Evgenii Dadonov is hit by Tobias Bjornfot and loses puck.
3:42 of 2nd period - Shot by Conor Garland.
3:42 of 2nd period - Shot Blocked by Devin Shore.
3:44 of 2nd period - Shot by Adam Gaudette.
3:44 of 2nd period - Shot Misses the Net.
3:46 of 2nd period - Shot by Conor Garland.
3:46 of 2nd period - Shot Misses the Net.
4:05 of 2nd period - Nick Suzuki is hit by Travis Hamonic and loses puck.
4:14 of 2nd period - Shot by Tage Thompson.
4:14 of 2nd period - Deflect By Nick Suzuki.
4:14 of 2nd period - Shot Misses the Net.
4:48 of 2nd period - Christian Fischer is hit by Travis Hamonic and loses puck.
5:39 of 2nd period - Shot by Joel Eriksson EK.
5:39 of 2nd period - Shot Misses the Net.
6:15 of 2nd period - Ryan Pulock is hit by Brandon Duhaime and loses puck.
6:41 of 2nd period - Shot by J.T. Compher.
6:41 of 2nd period - Shot Misses the Net.
6:50 of 2nd period - Icing by Ben Chiarot.
6:51 of 2nd period - Nick Suzuki wins face-off versus Devin Shore in VANCOUVER Canucks zone.
6:54 of 2nd period - Shot by Nick Suzuki.
6:54 of 2nd period - Shot Misses the Net.
6:56 of 2nd period - Shot by Pius Suter.
6:56 of 2nd period - Shot Misses the Net.
6:58 of 2nd period - Shot by Tage Thompson.
6:58 of 2nd period - Shot Misses the Net.
7:02 of 2nd period - Shot by Brandon Carlo.
7:02 of 2nd period - Goal by Brandon Carlo - VANCOUVER Canucks : 2 - CHICAGO Blackhawks : 2.
7:03 of 2nd period - Michael Rasmussen wins face-off versus Adam Gaudette in neutral zone.
7:18 of 2nd period - Anton Stralman is hit by Travis Hamonic and loses puck.
7:25 of 2nd period - Shot by Evgenii Dadonov.
7:25 of 2nd period - Stopped by Jeremy Swayman without a rebound.
7:26 of 2nd period - Jack Eichel wins face-off versus Nick Suzuki in VANCOUVER Canucks zone.
7:56 of 2nd period - Vladimir Tarasenko is hit by Mac Weegar and loses puck.
8:07 of 2nd period - Shot by Vladimir Tarasenko.
8:07 of 2nd period - Shot Misses the Net.
8:10 of 2nd period - Minor Penalty to Mac Weegar for Delaying the game.
8:11 of 2nd period - Casey Mittelstadt wins face-off versus Mathew Barzal in CHICAGO Blackhawks zone.
8:23 of 2nd period - Icing by Casey Mittelstadt.
8:24 of 2nd period - Casey Mittelstadt wins face-off versus Mathew Barzal in VANCOUVER Canucks zone.
8:47 of 2nd period - Shot by Travis Hamonic.
8:47 of 2nd period - Shot Blocked by Brandon Carlo.
8:49 of 2nd period - Shot by Travis Hamonic.
8:49 of 2nd period - Shot Misses the Net.
8:55 of 2nd period - Shot by Nate Schmidt.
8:55 of 2nd period - Deflect By Ryan Dzingel.
8:55 of 2nd period - Stopped by John Gibson with a rebound.
8:57 of 2nd period - Shot by Casey Mittelstadt.
8:57 of 2nd period - Deflect By Joel Eriksson EK.
8:57 of 2nd period - Stopped by John Gibson without a rebound.
8:58 of 2nd period - Nick Suzuki wins face-off versus Jack Eichel in CHICAGO Blackhawks zone.
8:58 of 2nd period - Nick Suzuki is hit by Matt Duchene.
9:42 of 2nd period - Shot by Vladimir Tarasenko.
9:42 of 2nd period - Shot Misses the Net.
10:07 of 2nd period - Shot by Joel Eriksson EK.
10:07 of 2nd period - Stopped by John Gibson without a rebound.
10:08 of 2nd period - Nick Suzuki wins face-off versus Casey Mittelstadt in CHICAGO Blackhawks zone.
10:19 of 2nd period - Shot by Janne Kuokkanen.
10:19 of 2nd period - Stopped by John Gibson without a rebound.
10:20 of 2nd period - Tomas Nosek wins face-off versus Nick Suzuki in CHICAGO Blackhawks zone.
10:33 of 2nd period - Shot by Tobias Bjornfot.
10:33 of 2nd period - Stopped by John Gibson without a rebound.
10:34 of 2nd period - Jack Eichel wins face-off versus Adam Gaudette in CHICAGO Blackhawks zone.
10:35 of 2nd period - Shot by Matt Duchene.
10:35 of 2nd period - Stopped by John Gibson without a rebound.
10:36 of 2nd period - Jack Eichel wins face-off versus Nick Suzuki in CHICAGO Blackhawks zone.
10:37 of 2nd period - Shot by Vladimir Tarasenko.
10:37 of 2nd period - Stopped by John Gibson without a rebound.
10:38 of 2nd period - Jack Eichel wins face-off versus Nick Suzuki in CHICAGO Blackhawks zone.
11:47 of 2nd period - Shot by Adam Gaudette.
11:47 of 2nd period - Shot Misses the Net.
11:53 of 2nd period - Shot by Conor Garland.
11:53 of 2nd period - Shot Misses the Net.
11:58 of 2nd period - Evgenii Dadonov is hit by Nate Schmidt and loses puck.
12:47 of 2nd period - Shot by Oliver Wahlstrom.
12:47 of 2nd period - Stopped by Jeremy Swayman without a rebound.
12:48 of 2nd period - Devin Shore wins face-off versus J.T. Compher in VANCOUVER Canucks zone.
12:55 of 2nd period - Shot by J.T. Compher.
12:55 of 2nd period - Stopped by Jeremy Swayman without a rebound.
12:56 of 2nd period - Janne Kuokkanen wins face-off versus Nick Suzuki in VANCOUVER Canucks zone.
13:11 of 2nd period - Shot by Tage Thompson.
13:11 of 2nd period - Deflect By Nick Suzuki.
13:11 of 2nd period - Goal by Nick Suzuki - VANCOUVER Canucks : 2 - CHICAGO Blackhawks : 3.
13:12 of 2nd period - Mathew Barzal wins face-off versus Casey Mittelstadt in neutral zone.
13:12 of 2nd period - Christian Fischer is hit by Joel Eriksson EK and loses puck.
13:17 of 2nd period - Shot by Christian Fischer.
13:17 of 2nd period - Stopped by Jeremy Swayman without a rebound.
13:18 of 2nd period - Casey Mittelstadt wins face-off versus Mathew Barzal in VANCOUVER Canucks zone.
14:14 of 2nd period - Shot by Nick Suzuki.
14:14 of 2nd period - Stopped by Jeremy Swayman without a rebound.
14:15 of 2nd period - Jack Eichel wins face-off versus Nick Suzuki in VANCOUVER Canucks zone.
14:29 of 2nd period - Icing by Nick Suzuki.
14:30 of 2nd period - Devin Shore wins face-off versus Nick Suzuki in CHICAGO Blackhawks zone.
15:04 of 2nd period - Icing by Tobias Bjornfot.
15:05 of 2nd period - Devin Shore wins face-off versus Mathew Barzal in VANCOUVER Canucks zone.
15:05 of 2nd period - Devin Shore is hit by Christian Fischer.
16:48 of 2nd period - Christian Fischer is hit by Ryan Pulock and loses puck.
16:50 of 2nd period - Minor Penalty to Mattias Ekholm for Holding.
16:51 of 2nd period - Nick Suzuki wins face-off versus Tomas Nosek in VANCOUVER Canucks zone.
17:22 of 2nd period - Shot by Tage Thompson.
17:22 of 2nd period - Stopped by Jeremy Swayman without a rebound.
17:23 of 2nd period - Nick Suzuki wins face-off versus Tomas Nosek in VANCOUVER Canucks zone.
17:48 of 2nd period - Shot by Alexandre Carrier.
17:48 of 2nd period - Stopped by Jeremy Swayman without a rebound.
17:49 of 2nd period - Nick Suzuki wins face-off versus Joel Eriksson EK in VANCOUVER Canucks zone.
17:52 of 2nd period - Shot by Alexandre Carrier.
17:52 of 2nd period - Deflect By Pius Suter.
17:52 of 2nd period - Shot Misses the Net.
17:54 of 2nd period - Shot by Pius Suter.
17:54 of 2nd period - Shot Misses the Net.
18:45 of 2nd period - Shot by Michael Rasmussen.
18:45 of 2nd period - Stopped by John Gibson without a rebound.
18:46 of 2nd period - Mathew Barzal wins face-off versus Tomas Nosek in CHICAGO Blackhawks zone.
19:06 of 2nd period - Brandon Duhaime is hit by Ben Chiarot and loses puck.
19:13 of 2nd period - Shot by J.T. Compher.
19:13 of 2nd period - Shot Misses the Net.
19:15 of 2nd period - Shot by Joonas Donskoi.
19:15 of 2nd period - Stopped by Jeremy Swayman with a rebound.
19:52 of 2nd period - Vladimir Tarasenko is hit by Brandon Duhaime and loses puck.
Goals for this period are 0 for VANCOUVER Canucks vs 2 for CHICAGO Blackhawks.
Shots for this period are 10 for VANCOUVER Canucks vs 10 for CHICAGO Blackhawks.

3rd period


0:01 of 3rd period - Jack Eichel wins face-off versus Mathew Barzal in neutral zone.
0:15 of 3rd period - Shot by Christian Fischer.
0:15 of 3rd period - Shot Blocked by Jack Eichel.
0:17 of 3rd period - Shot by Christian Fischer.
0:17 of 3rd period - Stopped by Jeremy Swayman with a rebound.
0:19 of 3rd period - Shot by Connor Murphy.
0:19 of 3rd period - Stopped by Jeremy Swayman without a rebound.
0:20 of 3rd period - Casey Mittelstadt wins face-off versus Nick Suzuki in VANCOUVER Canucks zone.
0:31 of 3rd period - Shot by Casey Mittelstadt.
0:31 of 3rd period - Deflect By Joel Eriksson EK.
0:31 of 3rd period - Shot Misses the Net.
0:33 of 3rd period - Shot by Joel Eriksson EK.
0:33 of 3rd period - Shot Misses the Net.
0:37 of 3rd period - Shot by Ryan Dzingel.
0:37 of 3rd period - Deflect By Casey Mittelstadt.
0:37 of 3rd period - Stopped by John Gibson with a rebound.
0:41 of 3rd period - Shot by Casey Mittelstadt.
0:41 of 3rd period - Shot Misses the Net.
0:55 of 3rd period - Shot by Casey Mittelstadt.
0:55 of 3rd period - Shot Misses the Net.
1:23 of 3rd period - Icing by Pius Suter.
1:24 of 3rd period - Michael Rasmussen wins face-off versus Nick Suzuki in CHICAGO Blackhawks zone.
2:01 of 3rd period - Shot by Christian Fischer.
2:01 of 3rd period - Goal by Christian Fischer - VANCOUVER Canucks : 2 - CHICAGO Blackhawks : 4.
2:02 of 3rd period - Matt Duchene wins face-off versus Adam Gaudette in neutral zone.
2:15 of 3rd period - Brian Dumoulin is hit by Jack Eichel and loses puck.
2:27 of 3rd period - Matt Duchene is hit by Conor Garland and loses puck.
2:53 of 3rd period - Icing by Travis Hamonic.
2:54 of 3rd period - Mathew Barzal wins face-off versus Jack Eichel in VANCOUVER Canucks zone.
3:55 of 3rd period - Icing by Ryan Pulock.
3:56 of 3rd period - Casey Mittelstadt wins face-off versus Nick Suzuki in VANCOUVER Canucks zone.
3:56 of 3rd period - Casey Mittelstadt is hit by Pius Suter.
3:57 of 3rd period - Casey Mittelstadt from VANCOUVER Canucks is injured at 3:57 of 3rd period (Strained Right Elbow).
3:58 of 3rd period - Devin Shore wins face-off versus Nick Suzuki in VANCOUVER Canucks zone.
3:58 of 3rd period - Devin Shore is hit by Tage Thompson.
4:39 of 3rd period - Devin Shore is hit by Brandon Carlo and loses puck.
5:02 of 3rd period - Shot by Jack Eichel.
5:02 of 3rd period - Stopped by John Gibson without a rebound.
5:03 of 3rd period - Michael Rasmussen wins face-off versus J.T. Compher in CHICAGO Blackhawks zone.
5:10 of 3rd period - Shot by Joel Eriksson EK.
5:10 of 3rd period - Shot Blocked by Alexandre Carrier.
5:30 of 3rd period - Shot by J.T. Compher.
5:30 of 3rd period - Shot Misses the Net.
5:32 of 3rd period - Shot by Connor Murphy.
5:32 of 3rd period - Shot Misses the Net.
5:47 of 3rd period - Minor Penalty to Ryan Pulock for Cross-checking.
5:48 of 3rd period - Tomas Nosek wins face-off versus Mathew Barzal in VANCOUVER Canucks zone.
6:01 of 3rd period - Shot by Anton Stralman.
6:01 of 3rd period - Shot Misses the Net.
6:17 of 3rd period - Shot by Brandon Carlo.
6:17 of 3rd period - Stopped by Jeremy Swayman with a rebound.
6:41 of 3rd period - Shot by Tage Thompson.
6:41 of 3rd period - Goal by Tage Thompson - VANCOUVER Canucks : 2 - CHICAGO Blackhawks : 5.
6:42 of 3rd period - Nick Suzuki wins face-off versus Jack Eichel in neutral zone.
7:14 of 3rd period - Shot by Vladimir Tarasenko.
7:14 of 3rd period - Shot Misses the Net.
7:18 of 3rd period - Shot by Matt Duchene.
7:18 of 3rd period - Shot Misses the Net.
7:51 of 3rd period - Off-side.
7:52 of 3rd period - Devin Shore wins face-off versus Mathew Barzal in neutral zone.
8:15 of 3rd period - Shot by Christian Fischer.
8:15 of 3rd period - Shot Blocked by Oskar Lindblom.
8:51 of 3rd period - Shot by Ryan Dzingel.
8:51 of 3rd period - Stopped by John Gibson without a rebound.
8:52 of 3rd period - Adam Gaudette wins face-off versus Jack Eichel in CHICAGO Blackhawks zone.
8:59 of 3rd period - Shot by Matt Duchene.
8:59 of 3rd period - Stopped by John Gibson without a rebound.
9:00 of 3rd period - Jack Eichel wins face-off versus Nick Suzuki in CHICAGO Blackhawks zone.
9:01 of 3rd period - Shot by Matt Duchene.
9:01 of 3rd period - Shot Misses the Net.
9:03 of 3rd period - Shot by Jack Eichel.
9:03 of 3rd period - Stopped by John Gibson without a rebound.
9:04 of 3rd period - Jack Eichel wins face-off versus Nick Suzuki in CHICAGO Blackhawks zone.
9:06 of 3rd period - Vladimir Tarasenko is hit by Alexandre Carrier and loses puck.
9:44 of 3rd period - Mattias Ekholm is hit by Nick Suzuki and loses puck.
10:22 of 3rd period - Joel Eriksson EK is hit by Christian Fischer.
10:44 of 3rd period - Shot by Nate Schmidt.
10:44 of 3rd period - Stopped by John Gibson with a rebound.
11:31 of 3rd period - Shot by Conor Garland.
11:31 of 3rd period - Shot Misses the Net.
11:33 of 3rd period - Shot by Conor Garland.
11:33 of 3rd period - Goal by Conor Garland - VANCOUVER Canucks : 2 - CHICAGO Blackhawks : 6.
11:34 of 3rd period - J.T. Compher wins face-off versus Michael Rasmussen in neutral zone.
11:47 of 3rd period - Shot by Joonas Donskoi.
11:47 of 3rd period - Shot Misses the Net.
11:55 of 3rd period - Shot by Tomas Nosek.
11:55 of 3rd period - Stopped by John Gibson with a rebound.
12:24 of 3rd period - Icing by Mac Weegar.
12:25 of 3rd period - J.T. Compher wins face-off versus Jack Eichel in CHICAGO Blackhawks zone.
12:25 of 3rd period - J.T. Compher is hit by Jack Eichel.
12:43 of 3rd period - Shot by Jack Eichel.
12:43 of 3rd period - Stopped by John Gibson with a rebound.
12:55 of 3rd period - Shot by Matt Duchene.
12:55 of 3rd period - Deflect By Jack Eichel.
12:55 of 3rd period - Stopped by John Gibson without a rebound.
12:56 of 3rd period - Christian Fischer wins face-off versus Devin Shore in CHICAGO Blackhawks zone.
13:10 of 3rd period - Minor Penalty to Brandon Carlo for Tripping.
13:10 of 3rd period - Minor Penalty to Devin Shore for Tripping.
13:11 of 3rd period - Matt Duchene wins face-off versus Mathew Barzal in CHICAGO Blackhawks zone.
13:12 of 3rd period - Shot by Jack Eichel.
13:12 of 3rd period - Goal by Jack Eichel - VANCOUVER Canucks : 3 - CHICAGO Blackhawks : 6.
13:13 of 3rd period - Matt Duchene wins face-off versus Mathew Barzal in neutral zone.
13:31 of 3rd period - Shot by Mathew Barzal.
13:31 of 3rd period - Shot Misses the Net.
13:33 of 3rd period - Shot by Mathew Barzal.
13:33 of 3rd period - Shot Misses the Net.
13:53 of 3rd period - Shot by Jack Eichel.
13:53 of 3rd period - Stopped by John Gibson without a rebound.
13:54 of 3rd period - Matt Duchene wins face-off versus Mathew Barzal in CHICAGO Blackhawks zone.
13:54 of 3rd period - Matt Duchene is hit by Mac Weegar.
14:06 of 3rd period - Shot by Jack Eichel.
14:06 of 3rd period - Shot Misses the Net.
14:16 of 3rd period - Off-side.
14:17 of 3rd period - Nick Suzuki wins face-off versus Joel Eriksson EK in neutral zone.
14:22 of 3rd period - Shot by Oliver Wahlstrom.
14:22 of 3rd period - Shot Misses the Net.
14:24 of 3rd period - Shot by Connor Murphy.
14:24 of 3rd period - Stopped by Jeremy Swayman with a rebound.
15:16 of 3rd period - Janne Kuokkanen is hit by Mac Weegar and loses puck.
16:09 of 3rd period - Brian Dumoulin is hit by Logan Shaw and loses puck.
16:16 of 3rd period - Shot by Tomas Nosek.
16:16 of 3rd period - Stopped by John Gibson without a rebound.
16:17 of 3rd period - Vladimir Tarasenko wins face-off versus J.T. Compher in CHICAGO Blackhawks zone.
16:23 of 3rd period - Icing by Brandon Duhaime.
16:24 of 3rd period - Michael Rasmussen wins face-off versus J.T. Compher in CHICAGO Blackhawks zone.
16:28 of 3rd period - Icing by Brandon Carlo.
16:29 of 3rd period - J.T. Compher wins face-off versus Jack Eichel in CHICAGO Blackhawks zone.
16:39 of 3rd period - Off-side.
16:40 of 3rd period - Mathew Barzal wins face-off versus Janne Kuokkanen in neutral zone.
16:47 of 3rd period - Shot by Christian Fischer.
16:47 of 3rd period - Shot Blocked by Nate Schmidt.
16:50 of 3rd period - Icing by Travis Hamonic.
16:51 of 3rd period - Janne Kuokkanen wins face-off versus Tage Thompson in VANCOUVER Canucks zone.
16:51 of 3rd period - Janne Kuokkanen is hit by Tage Thompson.
17:19 of 3rd period - Shot by Joel Eriksson EK.
17:19 of 3rd period - Shot Misses the Net.
17:43 of 3rd period - Icing by Nate Schmidt.
17:44 of 3rd period - Mathew Barzal wins face-off versus Janne Kuokkanen in VANCOUVER Canucks zone.
18:11 of 3rd period - Shot by Mathew Barzal.
18:11 of 3rd period - Stopped by Jeremy Swayman with a rebound.
18:13 of 3rd period - Shot by Alexandre Carrier.
18:13 of 3rd period - Shot Misses the Net.
18:15 of 3rd period - Shot by Christian Fischer.
18:15 of 3rd period - Stopped by Jeremy Swayman with a rebound.
19:10 of 3rd period - Shot by Evgenii Dadonov.
19:10 of 3rd period - Shot Misses the Net.
19:12 of 3rd period - Shot by Adam Gaudette.
19:12 of 3rd period - Goal by Adam Gaudette - VANCOUVER Canucks : 3 - CHICAGO Blackhawks : 7.
19:13 of 3rd period - Nick Suzuki wins face-off versus Michael Rasmussen in neutral zone.
19:30 of 3rd period - Shot by Nick Suzuki.
19:30 of 3rd period - Deflect By Pius Suter.
19:30 of 3rd period - Stopped by Jeremy Swayman with a rebound.
19:41 of 3rd period - Nick Suzuki is hit by Ben Chiarot and loses puck.
19:56 of 3rd period - Shot by Tage Thompson.
19:56 of 3rd period - Stopped by Jeremy Swayman without a rebound.
19:57 of 3rd period - Adam Gaudette wins face-off versus Jack Eichel in VANCOUVER Canucks zone.
19:57 of 3rd period - Evgenii Dadonov is hit by Ryan Pulock.
Goals for this period are 1 for VANCOUVER Canucks vs 4 for CHICAGO Blackhawks.
Shots for this period are 12 for VANCOUVER Canucks vs 12 for CHICAGO Blackhawks.